 Dungeon Crawl Stone Soup version 0.30-a0-782-ge64f9170bb (webtiles) character file.

Game seed: 18436436933625572225

564235 Flugkiller the Crack Shot (level 27, -1/205 HPs)
             Began as a Djinni Gladiator on Mar 13, 2023.
             Was an Elder of Okawaru.
             Slain by Waiwoh the pandemonium lord (42 damage)
             ... on level 2 of the Depths on Mar 14, 2023.
             The game lasted 02:06:46 (72846 turns).

Flugkiller the Crack Shot (Djinni Gladiator)       Turns: 72846, Time: 02:06:47

Health: -1/205     AC:  9    Str: 10      XL:     27
Gold:   4922       EV: 42    Int: 22 (24) God:    Okawaru [****..] SH:  0 Dex: 31 (32)

rFire   + + .      SeeInvis .    F - +9 triple crossbow (freeze)
rCold   . . .      Faith    .    (shield currently unavailable)
rNeg    . . .      Spirit   .    T - +2 robe {rC+}
rPois   ∞          Reflect  .    U - +2 hat of Uzxeviod {Harm rPois rC- Dex+7}
rElec   +          Harm     +    r - +2 cloak {rCorr}
rCorr   +          Rampage  .    k - +1 pair of gloves "Zabuikh" {rElec Int+3 Stlth+}
Will    ++...      Rage     3%   (boots unavailable)
Stlth   ++                       g - amulet of regeneration
HPRegen 2.14/turn                b - +6 ring of dexterity
MPRegen 0.00/turn                p - ring of protection from cold

@: heroic, finesse-ful, corroded, flying, slowed, studying 4 skills, unable to
read, very slow
A: sickness immunity, fire resistance 2, cold vulnerability 1, float, innate
caster, HP casting, extra vitality 1, claws 1, berserk 1, clever 1, clumsy 1,
deterioration 1, regeneration 1, weak 1, subdued magic 1, inability to read
after injury 2
0: Orb of Zot
}: 3/15 runes: decaying, slimy, gossamer
a: Renounce Religion, Heroism, Finesse


You were on level 2 of the Depths.
You worshipped Okawaru.
Okawaru was greatly pleased with you.
You visited 10 branches of the dungeon, and saw 51 of its levels.
You visited 1 bazaar.
You also visited: Bailey, Gauntlet and Ice Cave.

You collected 7732 gold pieces.
You spent 2810 gold pieces at shops.

Inventory:

Hand Weapons
 F - a +9 triple crossbow of freezing (weapon)
   (You found it in an ice cave)
Missiles
 e - 38 javelins
 D - 3 throwing nets
 E - 11 silver javelins
 M - 12 curare-tipped darts
Armour
 a - a scarf of harm
   (You acquired it on level 4 of the Vaults)
 k - the +1 pair of gloves "Zabuikh" (worn) {rElec Int+3 Stlth+}
   (Okawaru gifted it to you on level 4 of the Depths)

   Int:       It affects your intelligence (+3).
   rElec:     It insulates you from electricity.
   Stlth:     It makes you more stealthy.
 r - a +2 cloak of preservation (worn)
   (Okawaru gifted it to you on level 15 of the Dungeon)
 T - a +2 robe of cold resistance (worn)
   (You took it off an orc sorcerer on level 4 of the Swamp)
 U - the +2 hat of Uzxeviod (worn) {Harm rPois rC- Dex+7}
   (You found it in a Gauntlet)

   Dex:       It affects your dexterity (+7).
   rC:        It makes you vulnerable to cold.
   rPois:     It protects you from poison.
   Harm:      It increases damage dealt and taken.
Jewellery
 b - a +6 ring of dexterity (left hand)
   (You bought it in a shop on level 1 of the Dungeon)
 c - a ring of protection from cold
   (You found it in an ice cave)
 f - a +6 ring of intelligence
   (You found it on level 1 of the Elven Halls)
 g - an amulet of regeneration (around neck)
   (You bought it in a shop in a bazaar)
 i - a ring of see invisible
   (You found it on level 1 of the Dungeon)
 j - a +4 ring of slaying
   (You found it on level 5 of the Lair of Beasts)
 p - a ring of protection from cold (right hand)
   (You found it on level 2 of the Spider Nest)
 K - the ring of Bolipag {Fly Will+}
   (You found it on level 5 of the Pits of Slime)

   [ring of willpower]

   Fly:       It grants you flight.
   Will:      It increases your willpower.
 P - a +4 ring of protection
   (You bought it in a shop on level 1 of the Dungeon)
 R - an amulet of reflection
   (You found it on level 2 of the Realm of Zot)
Wands
 l - a wand of digging (10)
   (You found it on level 2 of the Spider Nest)
 y - a wand of acid (32)
   (You took it off Ijyb on level 4 of the Dungeon)
 H - a wand of iceblast (26)
   (You found it in a Gauntlet)
 L - a wand of mindburst (22)
   (You found it on level 7 of the Dungeon)
Scrolls
 s - 8 scrolls of fear
 t - 28 scrolls of teleportation
 u - 3 scrolls of magic mapping
 v - 5 scrolls of immolation
 z - 4 scrolls of blinking
 B - 7 scrolls of enchant armour
 C - 7 scrolls of fog
 W - 7 scrolls of poison
 X - 4 scrolls of silence
 Y - 6 scrolls of vulnerability
Potions
 d - 7 potions of might
 n - 3 potions of resistance
 o - 10 potions of lignification
 q - 16 potions of curing
 x - 5 potions of invisibility
 A - 3 potions of mutation
 I - 10 potions of brilliance
 J - 6 potions of berserk rage
 Q - 6 potions of attraction
Miscellaneous
 m - a piece from Xom's chessboard (15/15)
   (You found it on level 2 of the Orcish Mines)
 N - a tin of tremorstones (2/2)
   (You found it on level 5 of the Pits of Slime)
 O - a condenser vane
   (You found it on level 1 of the Elven Halls)
 Z - a phial of floods
   (You found it on level 4 of the Spider Nest)


   Skills:
 - Level 20.0(25.0) Fighting
 - Level 10.0(15.0) Long Blades
 + Level 26.3(27) Ranged Weapons
 - Level 1.5(6.5) Throwing
 - Level 6.0(11.0) Armour
 - Level 20.0(25.0) Dodging
 - Level 14.0 Spellcasting
 - Level 9.0 Invocations
 - Level 8.0 Evocations


You couldn't memorise any spells.
You knew the following spells:

 Your Spells              Type           Power      Damage    Failure   Level
a - Slow                  Hex            100%       N/A       0%          1
b - Call Imp              Summ           56%        N/A       0%          2
c - Portal Projectile     Hex/Tloc       100%       N/A       1%          3
d - Tukima's Dance        Hex            56%        N/A       1%          3
e - Summon Mana Viper     Hex/Summ       56%        N/A       1%          5
f - Conjure Ball Lightni  Conj/Air       28%        3x3d8     1%          6
g - Death Channel         Necr           28%        N/A       1%          6
h - Haunt                 Necr/Summ      28%        N/A       9%          7
i - Irradiate             Conj/Tmut      28%        3d21      1%          5
j - Storm Form            Tmut/Air       28%        N/A       9%          7
k - Necromutation         Tmut/Necr      28%        N/A       58%         8
l - Discord               Hex            28%        N/A       58%         8
m - Dragon's Call         Summ           28%        N/A       100%        9
Your spell library was empty.


Dungeon Overview and Level Annotations

Branches:
Dungeon (15/15)            Temple (0/1) D:6            Lair (5/5) D:11
  Swamp (4/4) Lair:2       Spider (4/4) Lair:3        Slime (5/5) Lair:5
    Orc (2/2) D:10            Elf (3/3) Orc:2        Vaults (4/5) D:14
  Crypt (0/3) Vaults:2     Depths (4/4) D:15            Zot (5/5) Depths:4
 Bailey (visited)           IceCv (visited)         Gauntlet (visited)

Altars:
Ashenzari
Elyvilon
Fedhas
Gozag
Makhleb
Okawaru
Qazlal
Trog
Wu Jian
Xom
Yredelemnul
Zin
The Shining One
Jiyva

Shops:
D:1 =   D:2 (   D:12 [   D:14 (   Orc:2 [?[[   Elf:1 (:[*   Elf:3 (:
Vaults:1 ?   Vaults:3 [   Vaults:4 ?   Depths:2 ([[[:   Depths:4 :[

Portals:
Hell: Depths:1 Depths:2 Depths:3 Depths:4
Abyss: Depths:1 Depths:3
Pandemonium: Depths:2
Ziggurat: Depths:2
Trove: D:13 (give 7 scrolls of blinking)

Annotations:
Swamp:4 1 runed translucent door, bmj180's ghost, adept GrEE
Zot:1 5 transporters
Zot:2 exclusion: 4 simulacra, Josephina
Zot:3 exclusion: door


Innate Abilities, Weirdness & Mutations

You are immune to sickness and miasma.
You are immune to poison.
Your flesh is very heat resistant. (rF++)
You are vulnerable to cold. (rC-)
You float through the air rather than walking.
You learn spells naturally, not from books.
Your magical power is your life essence.
You have superior vitality. (+4 MHP)
You have sharp fingernails.
You sometimes lose your temper in combat.
Your mind is acute. (Int +4, Str/Dex -1)
You are clumsy. (Dex -2)
Your body sometimes deteriorates upon taking damage.
Your natural rate of healing is unusually fast.
You are weak. (Str -2)
Your spells are a little easier to cast, but a little less powerful.
You sometimes lose the ability to read scrolls when taking damage.


Message History

Unknown command.
Unknown command.
Press: ? - help, v - describe, . - travel
Here: a reaper, wielding a +5 vampiric scythe The floor.
Unknown command.
Unknown command.
Fire: F) +9 triple crossbow (freeze)
Press: ? - help, Q - select action, (/) - cycle Shift-Dir - straight line, f - reaper
Aim: a reaper, wielding a +5 vampiric scythe (81% to hit)
You shoot a bolt. The spectator shouts!
The bolt hits the reaper!!
The bolt freezes the reaper!
The reaper is severely wounded.
The reaper completely misses you. The reaper barely misses you.
Fire: F) +9 triple crossbow (freeze)
Press: ? - help, Q - select action, (/) - cycle Shift-Dir - straight line, f/p - reaper
Aim: a reaper, wielding a +5 vampiric scythe (severely wounded, 81% to hit)
You shoot a bolt. The bolt hits the reaper!!!
You kill the reaper!
Okawaru accepts your kill. Okawaru crowns you victorious!
An exit appears.
You are confused.
You feel invigorated.
You feel less invigorated.
You feel less confused.
A ynoxinul comes into view.
Fire: F) +9 triple crossbow (freeze)
Press: ? - help, Q - select action, (/) - cycle Shift-Dir - straight line, f - ynoxinul
Aim: a ynoxinul (81% to hit)
You shoot a bolt. The bolt hits the ynoxinul!!
The bolt freezes the ynoxinul.
The ynoxinul is almost dead.
Fire: F) +9 triple crossbow (freeze)
Press: ? - help, Q - select action, (/) - cycle Shift-Dir - straight line, f/p - ynoxinul
Aim: a ynoxinul (almost dead, 81% to hit)
You shoot a bolt. The bolt hits the ynoxinul!!!
The bolt freezes the ynoxinul.
You kill the ynoxinul!
Okawaru accepts your kill.
Unknown command.
You feel much better.
You feel much better.
You feel much better.
You are confused.
You feel invigorated.
Okawaru bids you farewell from the Arena.
You are returned from the Arena.
Welcome back to the Depths!
Waiwoh completely misses you. The rust devil completely misses you.
Waiwoh completely misses you.
You feel less invigorated.
You feel yourself speed up.
You feel less confused. Waiwoh completely misses you.
The rust devil completely misses you. Waiwoh hits you!!!
The rust devil completely misses you.
Unknown command.
Unknown command.
Unknown command.
Unknown command.
Unknown command.
You cannot read scrolls in your current state!
Unknown command.
Unknown command.
Okay, then.
Unknown command.
Okay, then.
You cannot read scrolls in your current state!
Unknown command.
Okay, then.
Unknown command.
Unknown command.
Unknown command.
You can now deal lightning-fast blows.
Waiwoh hits you but does no damage. Waiwoh hits you! Waiwoh drains your vigour!
You feel yourself slow down. The rust devil hits you.
The rust devil corrodes you!
You gain the combat prowess of a mighty hero.
You can no longer enter into single combat with a foe.
Okawaru will no longer gift you equipment.
Waiwoh completely misses you. Waiwoh hits you! Waiwoh drains your vigour!
You feel as though you will be slow longer.
The rust devil completely misses you.
Fire: F) +9 triple crossbow (freeze)
Press: ? - help, Q - select action, (/) - cycle Shift-Dir - straight line, f - Waiwoh
Aim: Waiwoh (80% to hit)
You shoot a bolt. The bolt closely misses Waiwoh.
Waiwoh hits you!!!
* * * LOW HITPOINT WARNING * * *
Waiwoh drains your vigour!
You feel as though you will be slow longer.
The rust devil completely misses you.
Fire: F) +9 triple crossbow (freeze)
Press: ? - help, Q - select action, (/) - cycle Shift-Dir - straight line, f/p - Waiwoh
Aim: Waiwoh (80% to hit)
You shoot a bolt. The bolt hits Waiwoh!!!
The bolt freezes Waiwoh!
Waiwoh is moderately wounded.
Waiwoh misses you. The rust devil misses you.
Fire: F) +9 triple crossbow (freeze)
Press: ? - help, Q - select action, (/) - cycle Shift-Dir - straight line, f/p - Waiwoh
Aim: Waiwoh (moderately wounded, 80% to hit)
You shoot a bolt. The bolt closely misses Waiwoh.
Waiwoh hits you!!
You die...

#.#.#.#........#$$$>}
#.#.#.#.####...###### #########
#.#^#.#.# #.........
........#####.#.#.#.####..#?##..#
##..............#.#....#..#.....#
..........###.###.#....#..#.....#
..................'....'.>.......
.#.#.##..#......#&#....#?.#.#####
.....^...###....@................
####.##..# #..#..4####.##.#.#####
......∩..# #..#...# #.#........#
.........# #..#...## #.#..#.##.##
####.##..# #..#....###.#..#.##.##
#.###.# #...........#..#.##.##
####.# #.# #..#.#...####..#.##.##
.....# #.# #............}......##
########.####.#.#.##.####...##.#


You could see Waiwoh and a rust devil.

Vanquished Creatures
  the Royal Jelly (Arena)
  2 dread liches
  5 ancient liches
  2 orbs of fire
  A juggernaut (Depths:3)
  Parghit (Zot:3)
  Bai Suzhen (Depths:2)
  A caustic shrike (Depths:3)
  Saint Roka (Elf:2)
  3 Killer Klowns
  11 golden dragons
  3 curse toes
  2 bone dragons
  2 electric golems (Zot:5)
  Zenata (Vaults:3)
  18 tentacled monstrosities
  11 Orb Guardians
  2 deep elf blademasters (Elf:3)
  7 quicksilver dragons
  4 liches
  Asterion (Vaults:1)
  2 deep elf master archers (Elf:3)
  19 acid blobs
  2 walking frostbound tomes
  A titan (Zot:1)
  8 death cobs
  A thorn hunter (Swamp:3)
  3 sphinxes
  3 tengu reavers
  An ancient champion (Vaults:2)
  Agnes (D:15)
  9 storm dragons
  9 draconian monks
  9 shadow dragons
  Roxanne (Swamp:4)
  A daeva (Depths:2)
  5 fenstrider witches
  7 frost giants
  2 draconian knights
  5 azure jellies
  10 rockslimes
  6 ghost moths
  4 deep elf sorcerers (Elf:3)
  6 draconian scorchers
  4 fire giants
  9 vault wardens
  3 emperor scorpions
  Aizul (Arena)
  3 angels (Depths:2)
  4 ghouls
  7 draconian shifters
  3 deep elf elementalists
  6 draconian stormcallers
  A spriggan defender (Depths:4)
  A reaper (Arena)
  9 draconian annihilators
  8 ironbound preservers
  16 very ugly things
  A broodmother (Spider:3)
  18 stone giants
  An orc warlord (Bailey)
  9 quicksilver oozes
  11 ironbound thunderhulks
  11 black draconians
  10 spark wasps
  An eleionoma (Swamp:2)
  16 green draconians
  12 red draconians
  9 deep elf annihilators
  4 deep elf demonologists (Elf:3)
  18 dire elephants
  16 purple draconians
  9 white draconians
  11 yellow draconians
  6 bunyips
  5 ettins
  A minotaur (Gauntlet)
  A blizzard demon (Swamp:4)
  A crystal guardian (Vaults:4)
  4 shambling mangroves
  7 deep elf death magi
  A green death (Swamp:4)
  8 entropy weavers
  9 yaktaur captains
  3 jiangshi (Depths:2)
  A deep elf high priest (Elf:3)
  7 fire dragons
  14 great orbs of eyes
  6 ice dragons
  A rakshasa (Depths:2)
  13 vault guards
  3 catoblepae (Lair:5)
  10 hydras
  A spriggan air mage (Depths:4)
  A ghost crab (Swamp:4)
  8 ironbound frosthearts
  4 peacekeepers
  2 radroaches
  11 centaur warriors
  An ogre mage (D:15)
  11 boulder beetles
  3 jorogumos
  8 alligators
  8 two-headed ogres
  12 death yaks (Lair:5)
  5 deep troll shamans
  2 vampire magi
  21 dancing weapons
  6 spriggan berserkers
  4 tengu warriors
  7 deep troll earth magi
  2 soul eaters (Swamp:3)
  3 orc high priests (Orc:2)
  10 deep elf knights
  6 hell knights
  2 pharaoh ants (Spider:4)
  6 iron trolls
  A sixfirhy (Swamp:4)
  2 skysharks
  6 spriggan druids
  8 goliath frogs
  31 deep trolls
  6 glowing orange brains
  4 swamp dragons
  9 lindwurms
  5 orb spiders
  19 ironbound convokers
  3 flayed ghosts
  An orange crystal statue (Lair:5)
  9 bog bodies
  6 deep elf archers
  7 steelbarb worms
  4 orc knights (Orc:2)
  23 deep elf zephyrmancers
  Pikel (D:5)
  3 harpies (Vaults:1)
  4 wizards
  5 manticores
  4 necromancers
  26 ugly things
  4 cyclopes
  33 deep elf pyromancers
  11 orc sorcerers
  9 shining eyes
  14 wolf spiders
  39 moths of wrath
  4 will-o-the-wisps
  A cyclops (shapeshifter) (Elf:3)
  7 demonic crawlers
  8 elephants
  12 vault sentinels
  2 eyes of devastation (Slime:5)
  A guardian serpent (shapeshifter) (Elf:3)
  87 slime creatures
  5 black mambas
  5 torpor snails
  2 ice statues (IceCv)
  10 cane toads
  A gargoyle (D:11)
  4 orange demons
  An apocalypse crab (Zot:3)
  5 rime drakes
  32 yaktaurs
  Maggie (D:6)
  5 tengu conjurers
  4 efreet
  2 freezing wraiths (D:14)
  8 komodo dragons
  3 unseen horrors
  An ice devil (Gauntlet)
  4 bloated husks
  6 meliai (D:14)
  26 hornets
  2 guardian mummies (Zot:1)
  3 trolls
  2 hellwings
  9 blink frogs
  9 tyrant leeches
  15 tarantellas
  A raiju (shapeshifter) (D:13)
  An ettin zombie (Vaults:1)
  A dream sheep (shapeshifter) (Depths:2)
  A human simulacrum (Vaults:1)
  4 dream sheep (Lair:5)
  A stone giant simulacrum (Vaults:1)
  6 air elementals
  17 jumping spiders
  15 spriggans
  57 yaks
  8 wyverns
  2 vampires (D:8)
  2 shadows (Gauntlet)
  12 culicivoras
  Sigmund (D:4)
  A culicivora (shapeshifter) (Elf:3)
  7 water elementals
  A ynoxinul (Arena)
  4 wraiths
  3 fire elementals
  3 basilisks
  2 chaos spawn (Swamp:4)
  51 redbacks
  8 golden eyes
  2 neqoxecs
  7 vampire mosquitoes
  7 wargs
  A naga (shapeshifter) (Elf:2)
  20 swamp worms
  12 water moccasins
  An acid dragon (D:13)
  A floating eye (shapeshifter) (Zot:1)
  29 orc warriors
  7 swamp drakes
  An ice beast (D:6)
  An ogre (shapeshifter) (D:15)
  27 wolves
  21 centaurs
  10 ogres
  6 boggarts
  2 phantoms (D:6)
  5 kobold brigands
  2 gnoll sergeants
  18 bullfrogs
  3 necrophages
  4 earth elementals
  3 scorpions
  2 wights
  8 killer bees (D:8)
  2 lindwurm simulacra (IceCv)
  A howler monkey (D:8)
  2 electric eels
  8 komodo dragon simulacra (IceCv)
  3 lava snakes (Lair:5)
  5 hounds
  3 jellies
  21 orc priests
  2 gnoll boudas
  Ijyb (D:4)
  2 iguanas
  27 orc wizards
  5 hell rats (Lair:2)
  16 gnolls
  5 adders
  6 acid dragon simulacra (IceCv)
  2 shadow imps
  20 white imps
  5 steam dragon simulacra (IceCv)
  2 worms
  2 dart slugs
  80 orcs
  7 ball pythons
  5 bats
  8 endoplasms
  5 giant cockroaches
  12 goblins
  8 hobgoblins
  2 jackals (D:4)
  30 kobolds
  A quokka (D:1)
  6 frilled lizards
  7 rats
1976 creatures vanquished.

Vanquished Creatures (collateral kills)
  2 hounds (D:3)
  An orc priest (D:3)
  A worm (D:3)
  4 orcs (D:3)
  A kobold (D:3)
9 creatures vanquished.

Vanquished Creatures (others)
  A black draconian (Zot:5)
  A vault guard (D:14)
  A redback (Spider:4)
  A kobold (D:9)
  22 foxfires
  19 fungi
  38 plants
  5 withered plants (Swamp:4)
88 creatures vanquished.

Grand Total: 2073 creatures vanquished

Notes
Turn   | Place    | Note
-------+----------+-------------------------------------------
     0 | D:1      | Flugkiller the Djinni Gladiator began the quest for the
                  | Orb.
     0 | D:1      | Reached XP level 1. HP: 18/18 MP: 0/0
   154 | D:1      | Reached XP level 2. HP: 18/23 MP: 0/0
   356 | D:1      | Found Wiyhoj's Jewellery Shoppe.
   440 | D:1      | Reached XP level 3. HP: 29/29 MP: 0/0
   440 | D:1      | Learned a level 1 spell: Slow
   564 | D:1      | Reached skill level 1 in Spellcasting
   996 | D:2      | Found Alyu's Antique Weapon Boutique.
  1067 | D:2      | Reached XP level 4. HP: 30/34 MP: 0/0
  1635 | D:2      | Reached XP level 5. HP: 37/40 MP: 0/0
  1635 | D:2      | Learned a level 2 spell: Call Imp
  1900 | D:3      | Found an iron altar of Okawaru.
  2087 | D:3      | Reached XP level 6. HP: 33/47 MP: 0/0
  2184 | D:3      | Became a worshipper of Warmaster Okawaru
  2199 | D:3      | Found a faded altar of an unknown god.
  2875 | D:4      | Reached XP level 7. HP: 23/52 MP: 0/0
  2875 | D:4      | Learned a level 3 spell: Portal Projectile
  3102 | D:4      | Noticed Sigmund
  3260 | D:4      | Gained mutation: You possess an exceptional clarity of
                  | mind. [potion of mutation]
  3269 | D:4      | Killed Sigmund
  3269 | D:4      | Reached * piety under Okawaru
  3416 | D:4      | Noticed Ijyb
  3448 | D:4      | Killed Ijyb
  3530 | D:4      | Reached XP level 8. HP: 51/58 MP: 0/0
  3660 | D:4      | Reached skill level 1 in Invocations
  3660 | D:4      | Reached skill level 1 in Evocations
  3774 | D:5      | Entered Level 5 of the Dungeon
  3778 | D:5      | Noticed Pikel
  3795 | D:5      | Killed Pikel
  3795 | D:5      | Reached ** piety under Okawaru
  3988 | D:5      | Reached *** piety under Okawaru
  4205 | D:5      | Found a bloodstained altar of Trog.
  4210 | D:5      | Found a transporter.
  4210 | D:5      | Noticed a wyvern
  4219 | D:5      | Found a transporter.
  4242 | D:5      | Reached XP level 9. HP: 41/64 MP: 0/0
  4242 | D:5      | Learned a level 3 spell: Tukima's Dance
  4253 | D:5      | Reached skill level 5 in Fighting
  4332 | D:5      | Reached skill level 5 in Long Blades
  4491 | D:5      | Reached skill level 5 in Dodging
  4734 | D:5      | Found a stormy altar of Qazlal.
  5128 | D:6      | Found a staircase to the Ecumenical Temple.
  5280 | D:6      | Noticed Maggie
  5327 | D:6      | Killed Maggie
  5327 | D:6      | Reached **** piety under Okawaru
  5611 | D:6      | Found a white marble altar of Elyvilon.
  5852 | D:6      | Reached XP level 10. HP: 73/73 MP: 0/0
  6055 | D:7      | Noticed a komodo dragon
  6191 | D:7      | Found a flagged portal.
  6198 | D:7      | Identified the +8 hand axe "Cyvvueku" {flame, rC+ Int+6}
  6202 | Bailey   | Entered a bailey
  6232 | Bailey   | Noticed an orc warlord
  6696 | Bailey   | Found a runed translucent gate.
  6699 | Bailey   | Found a runed translucent gate.
  6701 | Bailey   | Found a runed translucent gate.
  6791 | Bailey   | Killed an orc warlord
  6791 | Bailey   | Reached ***** piety under Okawaru
  6910 | Bailey   | Reached XP level 11. HP: 62/81 MP: 0/0
  6910 | Bailey   | Learned a level 5 spell: Summon Mana Viper
  6918 | Bailey   | Identified the +10 spear "Zaosul Waagg" {freeze, rC+}
  7356 | D:7      | Received a gift from Okawaru
  7749 | D:7      | Noticed a cyclops
  7767 | D:7      | Killed a cyclops
  7769 | D:7      | Found a glowing silver altar of Zin.
  8491 | D:8      | Found an ornate altar of the Wu Jian Council.
  8598 | D:8      | Received a gift from Okawaru
  8599 | D:8      | Reached skill level 1 in Armour
  9129 | D:8      | Reached XP level 12. HP: 86/86 MP: 0/0
  9240 | D:8      | Identified the +5 spear of Gogimonu {drain, Str+5}
  9252 | D:8      | Found a burning altar of Makhleb.
  9336 | D:8      | Found an opulent altar of Gozag.
  9540 | D:8      | Identified a scroll of acquirement
  9557 | D:9      | Noticed a tengu warrior
  9557 | D:9      | Noticed a tengu warrior
 10295 | D:1      | Bought a +4 ring of protection for 504 gold pieces
 10939 | D:8      | Killed a tengu warrior
 11668 | D:10     | Entered Level 10 of the Dungeon
 12302 | D:10     | Found a basalt altar of Yredelemnul.
 12302 | D:10     | Found a blossoming altar of Fedhas.
 12534 | D:10     | Reached skill level 5 in Armour
 12534 | D:10     | Reached skill level 5 in Invocations
 12788 | D:10     | Received a gift from Okawaru
 12960 | D:10     | Found a staircase to the Orcish Mines.
 13053 | D:10     | Found a glowing golden altar of the Shining One.
 13767 | D:11     | Noticed a two-headed ogre
 13785 | D:11     | Killed a two-headed ogre
 13850 | D:11     | Noticed a boulder beetle
 13914 | D:11     | Killed a boulder beetle
 14085 | D:11     | Reached skill level 10 in Long Blades
 14321 | D:11     | Found a staircase to the Lair.
 14374 | D:11     | Acquired 804 gold pieces
 14649 | D:1      | Bought a +6 ring of dexterity for 504 gold pieces
 14939 | Lair:1   | Entered Level 1 of the Lair of Beasts
 14963 | Lair:1   | Found a broken altar of Ashenzari.
 15088 | Lair:1   | Reached XP level 13. HP: 88/92 MP: 0/0
 15088 | Lair:1   | Learned a level 5 spell: Irradiate
 15277 | Lair:1   | Received a gift from Okawaru
 15869 | Lair:2   | Found a frozen archway.
 15972 | IceCv    | Entered an ice cave
 16834 | IceCv    | Gained mutation: You occasionally lose the ability to drink
                  | potions when taking damage. [mutagenic glow]
 18419 | IceCv    | Reached skill level 10 in Spellcasting
 18625 | IceCv    | Noticed a white draconian
 18651 | IceCv    | Killed a white draconian
 19314 | Lair:2   | Reached skill level 1 in Ranged Weapons
 19536 | Lair:2   | Reached skill level 2 in Ranged Weapons
 19672 | Lair:2   | Reached skill level 3 in Ranged Weapons
 19691 | Lair:2   | HP: 4/92 [swamp worm (16)]
 20295 | Lair:2   | Identified the +3 broad axe of Riseit {freeze, rElec}
                  | (Okawaru gifted it to you on level 2 of the Lair of Beasts)
 20295 | Lair:2   | Received a gift from Okawaru
 20296 | Lair:2   | Reached skill level 4 in Ranged Weapons
 20296 | Lair:2   | Found a staircase to the Swamp.
 20735 | Lair:3   | You are sucked into a shaft and drop 2 floors!
 20735 | Lair:5   | Entered Level 5 of the Lair of Beasts
 20735 | Lair:5   | Found a staircase to the Slime Pits.
 20740 | Lair:5   | Found a viscous altar of Jiyva.
 20754 | Lair:5   | Reached skill level 5 in Ranged Weapons
 20817 | Lair:5   | Reached XP level 14. HP: 32/98 MP: 0/0
 20817 | Lair:5   | Gained mutation: You are weak. (Str -2) [mutagenic glow]
 21049 | Lair:5   | Reached skill level 6 in Ranged Weapons
 21553 | Lair:4   | Reached skill level 7 in Ranged Weapons
 21828 | Lair:3   | Found a hole to the Spider Nest.
 22145 | Lair:3   | Reached skill level 8 in Ranged Weapons
 22560 | Lair:4   | Received a gift from Okawaru
 23135 | Lair:4   | Identified the amulet of Rukhe {Spirit *Slow rC+ Will+}
 23541 | Lair:4   | Reached skill level 9 in Ranged Weapons
 24366 | Lair:5   | Identified the +5 falchion of Impatience {antimagic, rElec}
                  | (Okawaru gifted it to you on level 5 of the Lair of Beasts)
 24366 | Lair:5   | Received a gift from Okawaru
 24371 | Lair:5   | Reached skill level 10 in Ranged Weapons
 24992 | Lair:5   | Reached XP level 15. HP: 50/103 MP: 0/0
 24992 | Lair:5   | Learned a level 6 spell: Conjure Ball Lightning
 25721 | Lair:5   | Found the +8 whip "Snakebite" {venom, curare, rPois}
 25832 | Lair:5   | Reached ****** piety under Okawaru
 25935 | Lair:5   | Identified the +6 longbow of the Swamp {heavy, rF+}
                  | (Okawaru gifted it to you on level 5 of the Lair of Beasts)
 25935 | Lair:5   | Received a gift from Okawaru
 27493 | D:12     | Found Pyippaskan's Armour Boutique.
 27586 | D:12     | Reached skill level 11 in Ranged Weapons
 28056 | D:13     | Received a gift from Okawaru
 28922 | D:13     | Found a portal to a secret trove of treasure.
 29608 | D:14     | Found a gate leading to a gauntlet.
 29612 | Gauntlet | Entered a Gauntlet
 29612 | Gauntlet | Found a transporter.
 29612 | Gauntlet | Found a transporter.
 29651 | Gauntlet | Found a transporter.
 29664 | Gauntlet | Found a transporter.
 29682 | Gauntlet | Found a transporter.
 29682 | Gauntlet | Found a transporter.
 29684 | Gauntlet | Found a transporter.
 29684 | Gauntlet | Found a transporter.
 29685 | Gauntlet | Found a transporter.
 29697 | Gauntlet | Found a transporter.
 29715 | Gauntlet | Found a transporter.
 29725 | Gauntlet | Found a transporter.
 29742 | Gauntlet | Found a transporter.
 29760 | Gauntlet | Found a transporter.
 30105 | Gauntlet | Identified the +2 hat of Uzxeviod {Harm rPois rC- Dex+7}
 30268 | Gauntlet | Received a gift from Okawaru
 30326 | D:14     | Reached XP level 16. HP: 112/112 MP: 0/0
 30400 | D:14     | Reached skill level 10 in Dodging
 31099 | D:14     | Found a blossoming altar of Fedhas.
 31234 | D:14     | Reached skill level 12 in Ranged Weapons
 31451 | D:14     | Found a gate to the Vaults.
 31528 | D:14     | Reached skill level 10 in Fighting
 31692 | D:14     | Found Meysug's Weapon Boutique.
 32147 | D:15     | Entered Level 15 of the Dungeon
 32543 | D:15     | Noticed Agnes
 32552 | D:15     | Killed Agnes
 32812 | D:15     | Received a gift from Okawaru
 32945 | D:15     | Found a burning altar of Makhleb.
 32989 | D:15     | Paralysed by an ogre mage for 4 turns
 33328 | D:15     | Found a staircase to the Depths.
 33744 | Orc:1    | Entered Level 1 of the Orcish Mines
 33922 | Orc:1    | Reached skill level 13 in Ranged Weapons
 34220 | Orc:2    | Entered Level 2 of the Orcish Mines
 34843 | Orc:2    | Found a staircase to the Elven Halls.
 35509 | Orc:2    | Reached XP level 17. HP: 111/121 MP: 0/0
 35509 | Orc:2    | Learned a level 6 spell: Death Channel
 35511 | Orc:2    | Found Isestonu's Armour Shop.
 35511 | Orc:2    | Found Genoos's Magic Scroll Shoppe.
 35513 | Orc:2    | Found Qufiegga's Antique Armour Shop.
 35513 | Orc:2    | Found Tomoente's Antique Armour Shoppe.
 35525 | Orc:2    | Bought a scroll of blinking for 120 gold pieces
 35877 | Spider:1 | Entered Level 1 of the Spider Nest
 37947 | Spider:3 | Identified the +1 chain mail of Shielding {Drain rPois
                  | Regen+ rCorr} (Okawaru gifted it to you on level 3 of the
                  | Spider Nest)
 37947 | Spider:3 | Received a gift from Okawaru
 38056 | Spider:3 | Reached skill level 14 in Ranged Weapons
 38502 | Spider:4 | Entered Level 4 of the Spider Nest
 39153 | Spider:4 | Received a gift from Okawaru
 39257 | Spider:4 | Reached XP level 18. HP: 130/130 MP: 0/0
 39522 | Spider:4 | Reached skill level 5 in Evocations
 40116 | Spider:4 | Reached skill level 15 in Ranged Weapons
 40116 | Spider:4 | Reached XP level 19. HP: 137/137 MP: 0/0
 40116 | Spider:4 | Learned a level 7 spell: Haunt
 40131 | Spider:4 | Got a gossamer rune of Zot
 40136 | Spider:4 | Identified the +1 pair of boots of Sophism {Slay+5}
 40293 | Swamp:1  | Entered Level 1 of the Swamp
 40711 | Swamp:1  | Received a gift from Okawaru
 41801 | Swamp:3  | Noticed a tentacled monstrosity
 41804 | Swamp:3  | Killed a tentacled monstrosity
 41983 | Swamp:3  | Received a gift from Okawaru
 42147 | Arena    | Entered the Arena
 42887 | Swamp:4  | Entered Level 4 of the Swamp
 42910 | Swamp:4  | Found a runed translucent door.
 42914 | Swamp:4  | Noticed bmj180's ghost (adept GrEE)
 42915 | Swamp:4  | Identified the +7 spear of Focus {flame, rN++}
 42947 | Swamp:4  | Reached skill level 16 in Ranged Weapons
 43079 | Swamp:4  | Reached XP level 20. HP: 142/145 MP: 0/0
 43240 | Swamp:3  | Received a gift from Okawaru
 44116 | Swamp:4  | Received a gift from Okawaru
 44226 | Swamp:4  | Noticed a tentacled monstrosity
 44228 | Swamp:4  | Killed a tentacled monstrosity
 44269 | Swamp:4  | Identified the -2 cloak of the Neverending Xenops {MP+9
                  | Str+2}
 44444 | Swamp:4  | Noticed Roxanne
 44447 | Swamp:4  | Killed Roxanne
 44680 | Swamp:4  | Got a decaying rune of Zot
 44752 | Swamp:4  | Received a gift from Okawaru
 45273 | Vaults:1 | Entered Level 1 of the Vaults
 46019 | Vaults:1 | Reached skill level 15 in Dodging
 46226 | Vaults:1 | You are sucked into a shaft and drop 1 floor!
 46830 | Vaults:2 | Reached skill level 17 in Ranged Weapons
 46979 | Vaults:2 | Received a gift from Okawaru
 47807 | Vaults:2 | Noticed Aizul
 47815 | Arena    | Entered the Arena
 47820 | Arena    | Killed Aizul
 48313 | Vaults:2 | Reached XP level 21. HP: 153/153 MP: 0/0
 48313 | Vaults:2 | Learned a level 7 spell: Storm Form
 49167 | Vaults:2 | Found a staircase to the Crypt.
 49228 | Vaults:3 | Found Keciwua's Antique Armour Emporium.
 49408 | Vaults:3 | Noticed Zenata
 49701 | Vaults:3 | Killed Zenata
 50977 | Vaults:3 | Reached skill level 15 in Fighting
 51218 | Vaults:3 | Reached skill level 18 in Ranged Weapons
 52045 | Vaults:4 | Acquired a scarf of harm
 52397 | Vaults:4 | Found Leixuimu's Magic Scroll Shoppe.
 52404 | Vaults:4 | Bought a scroll of blinking for 105 gold pieces
 52915 | Vaults:4 | Reached XP level 22. HP: 156/162 MP: 0/0
 53222 | Vaults:4 | Received a gift from Okawaru
 53864 | Arena    | Entered the Arena
 54460 | Vaults:1 | Found Pichets's Magic Scroll Shoppe.
 54542 | Vaults:1 | Reached skill level 19 in Ranged Weapons
 55082 | Vaults:1 | Identified the +0 kite shield "Toep Xew" {Will++}
 55082 | Vaults:1 | Noticed Asterion
 55084 | Vaults:1 | Killed Asterion
 55501 | Elf:1    | Entered Level 1 of the Elven Halls
 55614 | Elf:1    | Found Kul Soma's General Store.
 55656 | Elf:1    | Identified the +2 hand crossbow of Death {flame, Str+4}
                  | (Okawaru gifted it to you on level 1 of the Elven Halls)
 55656 | Elf:1    | Received a gift from Okawaru
 55861 | Elf:1    | Found Ecoynis's Weapon Shoppe.
 55951 | Elf:1    | Found a crumbling gateway.
 56337 | Elf:1    | Found Jogaitz's Antique Armour Emporium.
 56364 | Elf:1    | Paralysed by an air elemental for 1 turns
 56528 | Elf:1    | Found Qisufyi's Book Emporium.
 56867 | Elf:1    | Lost mutation: You occasionally lose the ability to drink
                  | potions when taking damage. [potion of mutation]
 56867 | Elf:1    | Lost mutation: You are weak. (Str -2) [potion of mutation]
 56867 | Elf:1    | Lost mutation: You possess an exceptional clarity of mind.
                  | [potion of mutation]
 56867 | Elf:1    | Gained mutation: You are very vulnerable to cold. (rC--)
                  | [potion of mutation]
 56868 | Elf:1    | Lost mutation: You are very vulnerable to cold. (rC--)
                  | [potion of mutation]
 56868 | Elf:1    | Gained mutation: You have a pair of small antennae on your
                  | head. [potion of mutation]
 56868 | Elf:1    | Gained mutation: You possess an exceptional clarity of
                  | mind. [potion of mutation]
 56967 | Elf:2    | Found a flickering gateway to a bazaar.
 56973 | Elf:2    | Paralysed by an air elemental for 1 turns
 57017 | Bazaar   | Entered a bazaar
 57019 | Bazaar   | Found Xaguggue's Armour Boutique.
 57023 | Bazaar   | Found Juxkukk's Assorted Antiques.
 57023 | Bazaar   | Found Imisit's Jewellery Boutique.
 57024 | Bazaar   | Found Hacid's Assorted Antiques.
 57054 | Bazaar   | Bought an amulet of regeneration for 360 gold pieces
 57059 | Bazaar   | Bought a gilded ring for 165 gold pieces
 57066 | Bazaar   | Bought a glass ring for 160 gold pieces
 57087 | Bazaar   | Bought a scroll of enchant armour for 240 gold pieces
 57374 | Elf:2    | Received a gift from Okawaru
 57375 | Elf:2    | Reached XP level 23. HP: 158/170 MP: 0/0
 57375 | Elf:2    | Learned a level 8 spell: Necromutation
 57386 | Elf:2    | Found a runed translucent gate.
 57386 | Elf:2    | Found a runed translucent gate.
 57386 | Elf:2    | Found a runed translucent gate.
 57542 | Elf:3    | Entered Level 3 of the Elven Halls
 57547 | Elf:3    | Noticed Saint Roka
 57565 | Elf:2    | Killed Saint Roka
 57663 | Elf:3    | Identified the +4 hand crossbow "Qatwefoi" {elec, Will-
                  | Str+3 SInv} (Okawaru gifted it to you on level 3 of the
                  | Elven Halls)
 57663 | Elf:3    | Received a gift from Okawaru
 57884 | Elf:3    | Found Sutratan's Weapon Emporium.
 57900 | Elf:3    | Found Uxiliwas's Book Shoppe.
 58330 | Elf:2    | Reached skill level 20 in Ranged Weapons
 58773 | Elf:3    | Identified the +3 scale mail of Xavim {Slay+3} (Okawaru
                  | gifted it to you on level 3 of the Elven Halls)
 58773 | Elf:3    | Received a gift from Okawaru
 58803 | Arena    | Entered the Arena
 58999 | Elf:3    | Identified the +3 scimitar of Wudoen {drain, rC+ Dex-4
                  | Stlth+}
 59138 | Elf:3    | Identified the +1 robe of Bepumi {rCorr MP+9}
 59225 | Elf:3    | Identified the +0 quarterstaff of Honour {freeze, rC++ rN+}
 59232 | Elf:3    | Identified the +2 pair of gloves of Cocytus {rPois}
 59602 | Depths:1 | Entered Level 1 of the Depths
 59752 | Depths:1 | Found a gateway to Hell.
 60030 | Depths:1 | Found a shimmering altar of Xom.
 60070 | Depths:1 | Found a one-way gate to the infinite horrors of the Abyss.
 60102 | Depths:1 | Found the +18 shield of the Gong {Loud rN+ Will+ rCorr
                  | EV-5}
 60725 | Vaults:4 | Acquired a manual of Spellcasting
 60923 | Depths:2 | Found Eshrizuh's Antique Armour Emporium.
 60931 | Depths:2 | Found a one-way gate leading to the halls of Pandemonium.
 60941 | Depths:2 | Found a one-way gateway to a ziggurat.
 61042 | Depths:2 | Received a gift from Okawaru
 61049 | Depths:2 | Reached XP level 24. HP: 159/182 MP: 0/0
 61071 | Depths:2 | Found Onylain's Antique Armour Boutique.
 61108 | Depths:2 | Bought a translucent leather armour for 245 gold pieces
 61108 | Depths:2 | Identified the +0 leather armour of the Old World {rCorr
                  | Str+4 Dex-3} (You bought it in a shop on level 2 of the
                  | Depths)
 61108 | Depths:2 | Bought a slimy leather armour for 245 gold pieces
 61108 | Depths:2 | Identified the +3 leather armour of Henets {Harm Str+2
                  | Dex+3 Slay-5} (You bought it in a shop on level 2 of the
                  | Depths)
 61275 | Depths:2 | Found Yval's Antique Weapon Boutique.
 61446 | Depths:2 | Identified the +3 buckler of Eternal Night {+Inv Str+3}
                  | (Okawaru gifted it to you on level 2 of the Depths)
 61446 | Depths:2 | Received a gift from Okawaru
 61602 | Depths:2 | Noticed Bai Suzhen
 61605 | Depths:2 | Killed Bai Suzhen
 61868 | Depths:2 | Found Qyoliunue's Antique Armour Boutique.
 61877 | Depths:2 | Found Eprezi's Book Shoppe.
 62522 | Depths:3 | Noticed a golden dragon
 62527 | Depths:3 | Killed a golden dragon
 62535 | Depths:3 | Noticed a juggernaut
 62541 | Depths:3 | Killed a juggernaut
 62623 | Depths:3 | Noticed a caustic shrike
 62629 | Depths:3 | Killed a caustic shrike
 62895 | Depths:3 | Found a glowing golden altar of the Shining One.
 63049 | Depths:4 | Entered Level 4 of the Depths
 63127 | Depths:4 | Found Iqempel's Book Emporium.
 63136 | Depths:4 | Found Fenwu's Antique Armour Emporium.
 63227 | Depths:4 | Bought a shimmering ring mail for 162 gold pieces
 63227 | Depths:4 | Identified the +1 ring mail of the Slightly Bent {rElec rC-
                  | SInv} (You bought it in a shop on level 4 of the Depths)
 63443 | Depths:4 | Identified the +1 pair of gloves "Zabuikh" {rElec Int+3
                  | Stlth+} (Okawaru gifted it to you on level 4 of the Depths)
 63443 | Depths:4 | Received a gift from Okawaru
 63526 | Depths:4 | Found a gate to the Realm of Zot.
 64551 | Slime:1  | Entered Level 1 of the Pits of Slime
 64573 | Slime:2  | Gained mutation: Your body sometimes deteriorates upon
                  | taking damage. [a shining eye]
 64754 | Slime:4  | Gained mutation: You are frail. (-10% HP) [a shining eye]
 64761 | Slime:3  | Reached XP level 25. HP: 136/173 MP: 0/0
 64761 | Slime:3  | Learned a level 8 spell: Discord
 64793 | Slime:4  | Gained mutation: You are occasionally teleported next to
                  | monsters. [a shining eye]
 64831 | Lair:5   | Lost mutation: You have a pair of small antennae on your
                  | head. [potion of mutation]
 64831 | Lair:5   | Lost mutation: You are frail. (-10% HP) [potion of
                  | mutation]
 64831 | Lair:5   | Lost mutation: You possess an exceptional clarity of mind.
                  | [potion of mutation]
 64831 | Lair:5   | Gained mutation: You are partially covered in large bone
                  | plates. (SH +4) [potion of mutation]
 64832 | Lair:5   | Lost mutation: You are occasionally teleported next to
                  | monsters. [potion of mutation]
 64832 | Lair:5   | Lost mutation: You are partially covered in large bone
                  | plates. (SH +4) [potion of mutation]
 64832 | Lair:5   | Lost mutation: Your body sometimes deteriorates upon taking
                  | damage. [potion of mutation]
 64832 | Lair:5   | Gained mutation: Your mind is acute. (Int +4, Str/Dex -1)
                  | [potion of mutation]
 64832 | Lair:5   | Lost mutation: Your mind is acute. (Int +4, Str/Dex -1)
                  | [potion of mutation]
 64832 | Lair:5   | Gained mutation: You passively map a small area around you.
                  | [potion of mutation]
 64832 | Lair:5   | Gained mutation: Your muscles are strong. (Str +4, Int/Dex
                  | -1) [potion of mutation]
 64926 | Slime:5  | Entered Level 5 of the Pits of Slime
 64954 | Slime:5  | Noticed the Royal Jelly
 64957 | Slime:5  | Gained mutation: Armour fits poorly on your strangely
                  | shaped body. [a shining eye]
 64960 | Arena    | Entered the Arena
 64963 | Arena    | Killed the Royal Jelly
 64968 | Slime:5  | Gained mutation: You are occasionally teleported next to
                  | monsters. [a shining eye]
 65066 | Slime:4  | Lost mutation: You passively map a small area around you.
                  | [potion of mutation]
 65066 | Slime:4  | Lost mutation: Your muscles are strong. (Str +4, Int/Dex
                  | -1) [potion of mutation]
 65066 | Slime:4  | Lost mutation: Armour fits poorly on your strangely shaped
                  | body. [potion of mutation]
 65066 | Slime:4  | Gained mutation: Your body sometimes deteriorates upon
                  | taking damage. [potion of mutation]
 65067 | Slime:4  | Lost mutation: Your body sometimes deteriorates upon taking
                  | damage. [potion of mutation]
 65067 | Slime:4  | Lost mutation: You are occasionally teleported next to
                  | monsters. [potion of mutation]
 65067 | Slime:4  | Gained mutation: You are frail. (-10% HP) [potion of
                  | mutation]
 65067 | Slime:4  | Gained mutation: You are agile. (Dex +4, Str/Int -1)
                  | [potion of mutation]
 65155 | Arena    | Entered the Arena
 65817 | Slime:5  | Gained mutation: Potions are less effective at restoring
                  | your health. [a shining eye]
 65958 | Slime:5  | Reached skill level 21 in Ranged Weapons
 65981 | Slime:5  | Identified the +2 plate armour of the Eight Boll Weevils
                  | {Rampage +Blink rF- Dex+5}
 65985 | Slime:5  | Got a slimy rune of Zot
 66008 | Slime:5  | Identified the ring of Bolipag {Fly Will+}
 66040 | Slime:5  | Identified the +5 war axe of Infinite Pain {drain, rF+ rC-
                  | Dex+2}
 66061 | Slime:5  | Identified the +2 flail of the Middle {elec, rC- Str+7}
 66321 | Slime:5  | Lost mutation: You are frail. (-10% HP) [potion of
                  | mutation]
 66321 | Slime:5  | Lost mutation: You are agile. (Dex +4, Str/Int -1) [potion
                  | of mutation]
 66321 | Slime:5  | Lost mutation: Potions are less effective at restoring your
                  | health. [potion of mutation]
 66321 | Slime:5  | Gained mutation: You do not regenerate when monsters are
                  | visible. [potion of mutation]
 66321 | Slime:5  | Gained mutation: You are agile. (Dex +4, Str/Int -1)
                  | [potion of mutation]
 66321 | Slime:5  | Gained mutation: Your muscles are strong. (Str +4, Int/Dex
                  | -1) [potion of mutation]
 66321 | Slime:5  | Gained mutation: Your mind is acute. (Int +4, Str/Dex -1)
                  | [potion of mutation]
 66322 | Slime:5  | Lost mutation: Your mind is acute. (Int +4, Str/Dex -1)
                  | [potion of mutation]
 66322 | Slime:5  | Lost mutation: Your muscles are strong. (Str +4, Int/Dex
                  | -1) [potion of mutation]
 66322 | Slime:5  | Lost mutation: You are agile. (Dex +4, Str/Int -1) [potion
                  | of mutation]
 66322 | Slime:5  | Gained mutation: You occasionally lose the ability to read
                  | scrolls when taking damage. [potion of mutation]
 66323 | Slime:5  | Lost mutation: You do not regenerate when monsters are
                  | visible. [potion of mutation]
 66323 | Slime:5  | Lost mutation: You occasionally lose the ability to read
                  | scrolls when taking damage. [potion of mutation]
 66323 | Slime:5  | Gained mutation: Your natural rate of healing is unusually
                  | fast. [potion of mutation]
 66323 | Slime:5  | Gained mutation: Your mind is acute. (Int +4, Str/Dex -1)
                  | [potion of mutation]
 66323 | Slime:5  | Gained mutation: Your body sometimes deteriorates upon
                  | taking damage. [potion of mutation]
 66323 | Slime:5  | Gained mutation: You have sharp fingernails. [potion of
                  | mutation]
 66809 | Zot:1    | Entered Level 1 of the Realm of Zot
 66833 | Zot:2    | Identified the ring of Cilughy {Ice Int+5}
 66833 | Zot:2    | Noticed Josephina
 67468 | Zot:2    | You are sucked into a shaft and drop 1 floor!
 67675 | Zot:3    | Identified the +0 robe of the Tanner {rCorr Int+2} (Okawaru
                  | gifted it to you on level 3 of the Realm of Zot)
 67675 | Zot:3    | Received a gift from Okawaru
 68039 | Zot:3    | Noticed a curse toe
 68043 | Zot:3    | Killed a curse toe
 68094 | Zot:3    | Noticed Parghit
 68095 | Zot:3    | Reached skill level 22 in Ranged Weapons
 68095 | Zot:3    | Reached XP level 26. HP: 200/200 MP: 0/0
 68103 | Zot:3    | Killed Parghit
 69380 | Zot:1    | Found a transporter.
 69381 | Zot:1    | Found a transporter.
 69390 | Zot:1    | Reached skill level 23 in Ranged Weapons
 69419 | Zot:1    | Noticed an ancient lich
 69427 | Zot:1    | Killed an ancient lich
 69495 | Zot:1    | Found a transporter.
 69503 | Zot:1    | Found a transporter.
 69525 | Zot:1    | Noticed a curse toe
 69533 | Zot:1    | Killed a curse toe
 69617 | Zot:1    | Noticed a dread lich
 69624 | Zot:1    | Killed a dread lich
 69804 | Zot:1    | Found a transporter.
 69811 | Zot:1    | Found a transporter.
 69960 | Zot:1    | Identified the +3 kite shield "Junaquu" {rElec rN+}
                  | (Okawaru gifted it to you on level 1 of the Realm of Zot)
 69960 | Zot:1    | Received a gift from Okawaru
 70260 | Zot:4    | Noticed a curse toe
 70350 | Zot:4    | Noticed an orb of fire
 70356 | Zot:4    | Gained mutation: You occasionally lose the ability to read
                  | scrolls when taking damage. [an orb of fire]
 70360 | Zot:4    | Gained mutation: Your spells are a little easier to cast,
                  | but a little less powerful. [an orb of fire]
 70363 | Zot:3    | Gained mutation: You are clumsy. (Dex -2) [an orb of fire]
 70364 | Zot:3    | Killed an orb of fire
 70409 | Zot:4    | Killed a curse toe
 70500 | Zot:4    | Reached skill level 24 in Ranged Weapons
 70567 | Zot:4    | Reached XP level 27. HP: 127/193 MP: 0/0
 70567 | Zot:4    | Learned a level 9 spell: Dragon's Call
 70724 | Zot:4    | Noticed a Killer Klown
 70733 | Zot:4    | Killed a Killer Klown
 70855 | Zot:4    | Noticed a Killer Klown
 70857 | Zot:4    | Killed a Killer Klown
 71407 | Zot:5    | Entered Level 5 of the Realm of Zot
 71569 | Zot:5    | Reached skill level 25 in Ranged Weapons
 71668 | Zot:5    | Identified the +2 scimitar of the Orcish Mines {spect,
                  | Fragile Dex+3 SInv} (Okawaru gifted it to you on level 5 of
                  | the Realm of Zot)
 71668 | Zot:5    | Received a gift from Okawaru
 72212 | Zot:5    | Noticed a Killer Klown
 72230 | Zot:5    | Killed a Killer Klown
 72320 | Zot:5    | Noticed an orb of fire
 72322 | Zot:5    | Killed an orb of fire
 72384 | Zot:5    | Noticed an ancient lich
 72397 | Zot:5    | Killed an ancient lich
 72433 | Zot:5    | Noticed an ancient lich
 72442 | Zot:5    | Killed an ancient lich
 72477 | Zot:5    | Noticed a dread lich
 72483 | Zot:5    | Killed a dread lich
 72485 | Zot:5    | Noticed an ancient lich
 72487 | Zot:5    | Noticed an ancient lich
 72491 | Zot:5    | Received a gift from Okawaru
 72492 | Arena    | Entered the Arena
 72521 | Zot:5    | Killed an ancient lich
 72522 | Zot:5    | Reached skill level 26 in Ranged Weapons
 72523 | Zot:5    | Killed an ancient lich
 72536 | Arena    | Entered the Arena
 72581 | Zot:5    | Got the Orb of Zot
 72603 | Zot:5    | Gained mutation: You are weak. (Str -2) [mutagenic glow]
 72605 | Zot:5    | Noticed a dread lich
 72607 | Zot:5    | Noticed an ancient lich
 72620 | Zot:5    | Gained mutation: You sometimes lose the ability to read
                  | scrolls when taking damage. [mutagenic glow]
 72628 | Zot:5    | Gained mutation: You sometimes lose your temper in combat.
                  | [mutagenic glow]
 72817 | Depths:2 | Noticed Waiwoh the pandemonium lord
 72822 | Arena    | Entered the Arena
 72822 | Arena    | HP: 3/205 [reaper/+5 vampiric scythe[Waiwoh] (24)]
 72846 | Depths:2 | Slain by Waiwoh the pandemonium lord

Illustrated notes

Levels and vault maps discovered:
D:1:      sevenhm_arrival_forest_fort_large_2, layout_loops_cross, serial_shops,
          shop, minmay_heptomino_d4
D:2:      layout_loops_ring, serial_shops, nicolae_shop_overgrown_old_shop
D:3:      layout_basic, okawaru_metal_pillars_1_2,
          hellmonk_ecumenical_altar_inner_sanctum, hangedman_glass_teeth,
          roderic_lattice_a, cheibrodos_gnoll_hut
D:4:      layout_gridville, uniq_ijyb, uniq_sigmund
D:5:      layout_loops_ring, gammafunk_temple_overflow_arena,
          grunt_qazlal_sundering, chequers_avenue,
          minmay_a_box_with_orc_wizards_in_it, uniq_pikel
D:6:      layout_layer_cave, elyvilon_altar_5, lemuel_crystal_altar,
          minmay_temple_entry_butterflies, kennysheep_diamond, uniq_maggie
D:7:      layout_basic, mainiacjoe_overflow_tiny_flanked, enter_bailey_2,
          minmay_manual_mess
D:8:      layout_loops_ring, lightli_temple_of_fire, grunt_gozag_statues,
          nzn_wu_jian_council_hall
D:9:      layout_gridville
D:10:     layout_cave_pools, mainiacjoe_overflow_24_doors,
          gammafunk_temple_overflow_statue, erik_orc_4
D:11:     layout_cave_pools, erik_lair_dragon
D:12:     layout_gridville, serial_shops, nicolae_shop_trees
D:13:     layout_loops_ring, enter_trove_3
D:14:     layout_roguey, erik_vaults_2, gauntlet_entry_generic, serial_shops,
          nicolae_lakefront_shop, fedhas_altar_4
D:15:     grunt_enter_depths_snipers, layout_stronghold, bloody_makhleb,
          uniq_agnes
Lair:1:   layout_chaotic_city, basic_altar, serial_bayou_pond_e,
          grunt_forest_small_clearings, grunt_megastairs_3
Lair:2:   layout_loops_ring, nicolae_swamp_entry_splash_gauntlet,
          portal_ice_cave_entry_imps, chequers_serial_rivers_small_b,
          grunt_megastairs_1, lemuel_fruit_tree
Lair:3:   layout_chaotic_city, spider_nest_entry_rubble, serial_bayou_shore_b
Lair:4:   layout_long_grid
Lair:5:   evilmike_catoblepas_cave, layout_cave_pods, slime_entry_1,
          disabler_island
Swamp:1:  layout_falls_marsh, evilmike_swamp_ruin_house_1
Swamp:2:  layout_basic_swamp, evilmike_swamp_ruin_house_5
Swamp:3:  layout_falls_marsh, hangedman_swamp_lotus
Swamp:4:  nzn_swamp_witches_coven, layout_basic_swamp,
          ebering_ghost_funeral_grove, swamp_pool5, uniq_roxanne
Spider:1: layout_spider_delve
Spider:2: layout_chambers
Spider:3: layout_spider_delve, nicolae_spider_rock_and_or_roll
Spider:4: spider_rune_water
Slime:1:  layout_caves, nicolae_slime_barrier
Slime:2:  layout_caves
Slime:3:  layout_caves
Slime:4:  layout_caves, special_room [special_room_jelly]
Slime:5
Orc:1:    layout_caves
Orc:2:    grunt_orc_tribal_feast, layout_caves, hellmonk_bongcloud_opening
Elf:1:    minmay_elf_arrival_plus, layout_gridlike, serial_shops, shop,
          shop_fountains, shop_coins, nicolae_diamond_shop,
          portal_desolation_entry_twin_temple, minmay_elf_annihilation,
          solitary_fountain
Elf:2:    elven_hall_of_blades_hangedman_original [nicolae_blade_bullseye],
          layout_loops_ring, serial_shops, bzr_entry_gold, uniq_jorgrun
Elf:3:    elf_hall, layout_gridlike, minmay_misc_feat_cross, minmay_shoptagon,
          grunt_megastairs_5, uniq_saint_roka
Vaults:1: nicolae_vaults_hallways_thing, v_misc_26, v_misc_8,
          ontoclasm_vaults_shuriken, vaults_room_fours, v_misc_18,
          vaults_mumra_hex, nicolae_vaults_little_squares_4, v_misc_12,
          vaults_dpeg_ring, layout_vaults_omnicross, serial_shops,
          nicolae_square_shop, uniq_asterion
Vaults:2: nicolae_vaults_little_squares_4, hangedman_vaults_impose,
          minmay_crypt_entry_simple_walls, nicolae_vaults_mini_display_case,
          nicolae_vaults_network_periphery, vaults_room_door_hall, v_misc_10,
          v_misc_5, st_more_cells, v_pattern_4, vaults_room_door_ring,
          layout_vaults_quadrants, uniq_aizul
Vaults:3: nicolae_vaults_triangles, vaults_dpeg_spiral, v_rooms_3,
          vaults_dpeg_cross, v_alt_pattern_5, vaults_room_hallway,
          ontoclasm_vaults_twist, layout_vaults_chaotic_city, serial_shops,
          nicolae_shop_hallway_stairs, uniq_margery, uniq_zenata
Vaults:4: vaults_room_door_hall, nicolae_vaults_network_star,
          ontoclasm_vaults_claustrophobia, vaults_room_hallway,
          nicolae_vaults_little_squares_2, ontoclasm_vaults_hangar,
          ontoclasm_vaults_ligature, nicolae_vaults_ninety_degrees,
          vaults_room_grid, ontoclasm_vaults_ring_large, hangedman_vaults_trim,
          vaults_room_grunt_arrival_ludios, nicolae_vaults_asterisk,
          layout_vaults_ring, serial_shops, shop
Depths:1: layout_cross, abyss_entry_crystal, grunt_metal_band, st_stairs_12,
          xom_teletrap_fun
Depths:2: minmay_slanted_spiral_squares, layout_basic, enter_ziggurat_d,
          serial_shops, shop, nicolae_shop_window_shopping,
          nicolae_shop_hallway_plus, nicolae_shop_advertising_works
          [nicolae_subvault_shop_adworks], shop, minmay_crystal_room, pan_entry,
          hell_entry, onia_ninara_dug_in_and_dangerous, uniq_bai_suzhen
Depths:3: hangedman_cross_stitches, layout_gridlike, hell_entry, abyss_entry,
          tso_altar, minmay_staircase_windowed_small
Depths:4: grunt_zot_entry_bicorn, layout_twisted_cross,
          hangedman_tar_grid_catacomb, chequers_serial_rivers_large_a,
          minmay_shop_star
Zot:1:    hangedman_zot_vaults_quadrants, layout_onion_interference,
          serial_nicolae_subway, nicolae_sub_station_metal,
          nicolae_sub_station_crystal, nicolae_sub_station_stone
Zot:2:    layout_basic, uniq_josephina
Zot:3:    gammafunk_mikee_crab_dinner, layout_gridlike, uniq_parghit
Zot:4:    kennysheep_room_grid, layout_gridlike, zot_minivault_5
Zot:5:    layout_misc_corridors

Skill      XL: |  1  2  3  4  5  6  7  8  9 10 11 12 13 14 15 16 17 18 19 20 21 22 23 24 25 26 27 |
---------------+----------------------------------------------------------------------------------+-----
Long Blades    | 3 4 6 7 8 10 | 10.0
Spellcasting   | 1 2 3 8 10 13 14 | 14.0
Fighting       | 3 4 6 7 8 9 11 12 13 14 15 16 18 19 20 | 20.0
Dodging        | 4 6 8 9 11 12 13 14 15 16 17 19 20 | 20.0
Invocations    | 4 6 7 8 9 |  9.0
Evocations     | 4 5 7 8 |  8.0
Armour         | 2 6 |  6.0
Ranged Weapons | 5 10 11 13 14 15 16 17 18 19 20 22 24 26 | 26.3
Throwing       | |  1.5

Action                     |  1- 3 |  4- 6 |  7- 9 | 10-12 | 13-15 | 16-18 | 19-21 | 22-24 | 25-27 || total
---------------------------+-------+-------+-------+-------+-------+-------+-------+-------+-------++-------
  Melee: Long sword        |   112 |   111 |   172 |       |       |       |       |       |       ||   395
         Punch             |       |     2 |     7 |     8 |       |       |       |       |       ||    17
         Unarmed           |       |    12 |       |       |       |       |       |       |       ||    12
         Scimitar          |       |       |   127 |   991 |       |       |       |       |       ||  1118
         Great sword       |       |       |       |     3 |   431 |       |       |       |       ||   434
         Triple crossbow   |       |       |       |       |       |       |       |       |     1 ||     1
   Fire: Triple crossbow   |       |       |       |       |   315 |   534 |   665 |   775 |   900 ||  3189
         Longbow           |       |       |       |       |     9 |       |       |       |       ||     9
  Throw: Dart              |       |       |    14 |    12 |       |       |       |       |       ||    26
         Throwing net      |       |       |       |     3 |       |       |       |       |       ||     3
         Javelin           |       |       |       |       |     5 |       |       |       |       ||     5
   Cast: Call Imp          |       |     9 |       |       |       |       |       |       |       ||     9
         Slow              |       |     7 |    19 |    68 |     9 |       |       |       |       ||   103
         Irradiate         |       |       |       |       |   117 |    69 |    36 |    42 |    33 ||   297
         Portal Projectile |       |       |       |       |     1 |     6 |    21 |    33 |    44 ||   105
 Invoke: Heroism           |       |       |     1 |     6 |     5 |     6 |    12 |     5 |     9 ||    44
         Finesse           |       |       |       |     1 |     3 |     4 |     9 |     2 |     5 ||    24
         Duel              |       |       |       |       |       |       |     2 |     2 |     5 ||     9
  Evoke: Wand              |       |       |       |    13 |     2 |       |       |       |       ||    15
         Condenser vane    |       |       |       |       |       |       |       |     2 |       ||     2
    Use: Scroll            |       |     3 |     1 |    13 |    20 |     6 |     8 |     4 |    10 ||    65
         Potion            |       |     1 |     2 |     5 |     8 |     3 |     1 |     2 |    34 ||    56
   Stab: Sleeping          |       |     2 |       |       |       |       |       |       |       ||     2
         Invisible         |       |       |     2 |       |       |       |       |       |       ||     2
         Held in net/web   |       |       |       |     6 |       |       |       |       |       ||     6
 Armour: Leather armour    |    42 |    43 |    74 |       |    59 |   103 |    30 |       |       ||   351
         Skin              |       |    15 |       |       |       |       |       |       |       ||    15
         Swamp dragon scal |       |       |    16 |   477 |   275 |       |       |       |       ||   768
         Troll leather arm |       |       |       |       |     1 |       |       |       |       ||     1
         Robe              |       |       |       |       |       |       |    11 |    25 |    62 ||    98
  Dodge: Dodged            |   107 |    85 |   208 |   734 |   670 |   367 |   431 |   342 |   606 ||  3550
  Block: Buckler           |       |       |       |     7 |       |       |       |       |       ||     7
         Other             |       |       |       |       |   199 |    88 |    84 |    16 |       ||   387
         Reflection        |       |       |       |       |    18 |     3 |    14 |     8 |       ||    43

Table legend: (Time is in decaauts)
 A = Elapsed time spent in this place.
 B = Non-inter-level travel time spent in this place.
 C = Inter-level travel time spent in this place.
 D = Time resting spent in this place.
 E = Time spent auto-exploring this place.
 F = Levels seen in this place.
 G = Mean time per level.
                   A        B        C        D        E       F      G
               +--------+--------+--------+--------+--------+-----+--------+
         Total |  74196 |  67870 |   6326 |  25079 |  26945 |  64 | 1159.3 |
       Dungeon |  22396 |  19207 |   3189 |   6672 |   7603 |  15 | 1493.1 |
          Lair |   9967 |   8800 |   1167 |   3987 |   2960 |   5 | 1993.4 |
         Swamp |   4598 |   4393 |    205 |   1934 |   1738 |   4 | 1149.5 |
   Spider Nest |   4493 |   4296 |    197 |   1420 |   1943 |   4 | 1123.2 |
    Slime Pits |   1828 |   1687 |    141 |    502 |    611 |   5 |  365.6 |
  Orcish Mines |   2167 |   1975 |    192 |    649 |    871 |   2 | 1083.5 |
   Elven Halls |   3909 |   3784 |    125 |   1127 |   1642 |   3 | 1303.0 |
        Vaults |   9871 |   9379 |    492 |   4184 |   3654 |   4 | 2467.8 |
        Depths |   4442 |   4022 |    420 |    600 |   2645 |   4 | 1110.5 |
           Zot |   5951 |   5757 |    194 |   1237 |   2766 |   5 | 1190.2 |
        Bazaar |     83 |     83 |      0 |      0 |     27 |   1 |   83.0 |
        Bailey |    814 |    814 |      0 |    334 |    133 |   1 |  814.0 |
      Ice Cave |   2827 |   2827 |      0 |   2037 |    224 |   1 | 2827.0 |
      Gauntlet |    685 |    685 |      0 |    381 |    128 |   1 |  685.0 |
         Arena |    159 |    159 |      0 |     11 |      0 |   9 |   17.7 |
               +--------+--------+--------+--------+--------+-----+--------+

Top non-repeatable levels by time:
  Lair:5: 3831 daAuts
Vaults:2: 3394 daAuts
   IceCv: 2827 daAuts
Vaults:3: 2476 daAuts
  Lair:2: 2420 daAuts
Vaults:4: 2270 daAuts
     D:8: 2265 daAuts
    D:14: 2138 daAuts
 Swamp:3: 2101 daAuts
    D:11: 2048 daAuts
    D:15: 1866 daAuts
    D:13: 1766 daAuts
Vaults:1: 1730 daAuts
   Elf:3: 1672 daAuts
     D:7: 1548 daAuts
